 Dungeon Crawl Stone Soup version 0.23.2 (webtiles) character file.

Game seed: 17829057830050968469

39 Blynxz the Ruffian (level 3, -6/33 HPs)
             Began as a Ghoul Monk on Apr 12, 2019.
             Killed from afar by Natasha (7 damage)
             ... with a magic dart
             ... on level 2 of the Dungeon.
             The game lasted 00:07:52 (1330 turns).

Blynxz the Ruffian (Ghoul Monk)                     Turns: 1330, Time: 00:07:53

Health: -6/33      AC:  6    Str: 15    XL:     3   Next: 47%
Magic:  11/11      EV: 17    Int:  5    God:
Gold:   69         SH:  0    Dex: 16    Spells: 2/2 levels left

rFire    . . .     SeeInvis .   p - +0 dagger (protect)
rCold    + + .     Gourm    .   (no shield)
rNeg     + + +     Faith    .   r - +1 ring mail {rN+}
rPois    ∞         Spirit   .   (no helmet)
rElec    .         Reflect  .   (no cloak)
rCorr    .         Harm     .   (no gloves)
MR       .....                  (no boots)
Stlth    +++.......             (no amulet)
HPRegen  0.00/turn              f - ring of protection from cold
MPRegen  0.12/turn              c - ring of magical power

@: agile, rotting, slowed, very slow
A: rotting body, claws 1, carnivore, cold resistance 1, negative energy
resistance 3, inhibited regeneration, torment resistance, unbreathing
a: no special abilities


You were on level 2 of the Dungeon.
You were not hungry.

You visited 1 branch of the dungeon, and saw 2 of its levels.

You collected 69 gold pieces.

Inventory:

Hand Weapons
 h - a +0 short sword
 i - a +0 dagger
 p - a +0 dagger of protection (weapon)
Missiles
 d - 29 arrows
 j - 21 stones (quivered)
 k - 19 sling bullets
Armour
 a - a +0 robe
 e - a +0 chain mail
 g - a +0 ring mail
 n - a +0 ring mail
 r - a +1 ring mail of positive energy (worn)
Jewellery
 c - a ring of magical power (right claw)
 f - a ring of protection from cold (left claw)
Scrolls
 m - a scroll of magic mapping {unknown}
 o - a scroll of identify
Comestibles
 b - 2 rations


   Skills:
 + Level 3.7 Fighting
 + Level 0.2 Short Blades
 + Level 3.0 Dodging
 + Level 2.6 Stealth
 + Level 3.8 Unarmed Combat


You had 2 spell levels left.
You didn't know any spells.
Your spell library was empty.

Dungeon Overview and Level Annotations

Branches:
Dungeon (2/15)

Altars:

Annotations:
D:2 Natasha


Innate Abilities, Weirdness & Mutations

Your body is rotting away.
You thrive on raw meat.
You are immune to poison.
You have sharp fingernails.
You are carnivorous and can eat meat at any time.
Your flesh is cold resistant. (rC+)
You are immune to negative energy. (rN+++)
You do not regenerate when monsters are visible.
You are immune to unholy pain and torment.
You can survive without breathing.


Message History

The frilled lizard closely misses you.
Natasha mumbles some strange words.
The crimson imp closely misses you. The frilled lizard barely misses you.
It was a potion of agility.
You feel agile all of a sudden. Natasha barely misses you.
The crimson imp hits you but does no damage.
The frilled lizard bites you but does no damage.
Natasha barely misses you.
The crimson imp blinks!
The frilled lizard bites you.
* * * LOW HITPOINT WARNING * * *
Natasha claws you.
* * * LOW HITPOINT WARNING * * *
The crimson imp blinks!
The crimson imp hits you.
* * * LOW HITPOINT WARNING * * *
The frilled lizard bites you but does no damage.
All of the chunks of flesh in your inventory have rotted away.
Natasha stares at you and mumbles some strange words.
The magic dart hits you!
You die...

...................#.#.#
..)....)...........#...#
...................##..#####.
##+###........####....>......
#........# #..<......###
#........# #.........#..
#........# #.........#.#
#........# #.###'#####.#
#.###......@.# #.###'#####.#
#.........lh5# #.##........#
#...........§# #.......#####
#........##...##.......#
#........##...##.......#
+..........+...++.......#
##......l###...##...#####
#.?...... ...§##### #........
....#


You could see Natasha, a crimson imp and a frilled lizard.

Vanquished Creatures
  An ooze (D:1)
  A leopard gecko (D:1)
  2 giant cockroaches (D:1)
  3 goblins
  6 hobgoblins (D:1)
  2 jackals (D:1)
  5 bats (D:1)
  2 frilled lizards
  6 kobolds (D:1)
  2 rats
30 creatures vanquished.

Notes
Turn   | Place    | Note
-------+----------+-------------------------------------------
     0 | D:1      | Blynxz the Ghoul Monk began the quest for the Orb.
     0 | D:1      | Reached XP level 1. HP: 19/19 MP: 0/0
    87 | D:1      | Reached XP level 2. HP: 26/26 MP: 1/1
   764 | D:1      | Reached XP level 3. HP: 20/33 MP: 2/2
  1300 | D:2      | Noticed Natasha
  1329 | D:2      | HP: 1/33 [crimson imp[Natasha] (3)]
  1330 | D:2      | Killed from afar by Natasha

Skill      XL: |  1  2 |
---------------+-------+-----
Dodging        | 3 |  3.0
Fighting       | |  3.7
Short Blades   | |  0.2
Stealth        | |  2.6
Unarmed Combat | |  3.8

Action                   || total
-------------------------++-------
Melee: Unarmed           ||    31
       Punch             ||     1
       Short sword       ||    49
       Dagger            ||    69
  Use: Scroll            ||     3
       Potion            ||     1
 Stab: Sleeping          ||     2
  Eat: Chunk             ||     2
       Ration            ||     1
Armor: Robe              ||    46
       Ring mail         ||    20
Dodge: Dodged            ||   118
